 Dungeon Crawl Stone Soup version 0.28.0-1-gb440e238dd (webtiles) character file.

Game seed: 3348386879131485431

52 issech the Cudgeller (level 3, 36/36 HPs)
             Began as a Troll Monk on Feb 24, 2022.
             Quit the game on level 3 of the Dungeon.
             The game lasted 00:04:01 (1811 turns).

issech the Cudgeller (Troll Monk)                   Turns: 1811, Time: 00:04:01

Health: 36/36      AC:  4    Str: 19    XL:     3   Next: 60%
Magic:  2/2        EV: 10    Int:  6    God:
Gold:   106        SH:  0    Dex: 14    Spells: 2/2 levels left

rFire   . . .      SeeInvis .   a - +1 mace
rCold   . . .      Faith    .   (no shield)
rNeg    . . .      Spirit   .   b - +0 robe
rPois   .          Reflect  .   (helmet restricted)
rElec   .          Harm     .   (no cloak)
rCorr   .          Rampage  .   (gloves unavailable)
Will    .....                   (boots unavailable)
Stlth   ++........              (no amulet)
HPRegen 0.92/turn               (no ring)
MPRegen 0.08/turn               (no ring)

@: no status effects
A: large, unfitting armour, claws 3, regeneration 1, shaggy fur 1, tough skin 1
a: no special abilities


You were on level 3 of the Dungeon.
You visited 1 branch of the dungeon, and saw 3 of its levels.

You collected 106 gold pieces.

Inventory:

Hand Weapons
 a - a +1 mace (weapon)
Missiles
 f - 65 stones (quivered)
 m - 2 poisoned darts
Armour
 b - a +0 robe (worn)
Magical Staves
 l - a staff of conjuration
Scrolls
 c - a scroll of summoning {unknown}
 g - a scroll of blinking {unknown}
 h - a scroll of identify {unknown}
 i - a scroll of fear
 j - a scroll of fog {unknown}
 n - a scroll of enchant weapon
Potions
 d - a potion of cancellation {unknown}
 e - a potion of attraction {unknown}
 k - a potion of curing {unknown}


   Skills:
 + Level 2.7 Fighting
 + Level 3.3 Maces & Flails
 + Level 3.0 Dodging
 + Level 1.1 Stealth


You had 2 spell levels left.
You didn't know any spells.
Your spell library contained the following spells:

 Spells                   Type           Power      Damage    Failure   Level
 Magic Dart               Conj           0%         1d3       45%         1
 Call Imp                 Summ           0%         N/A       58%         2
 Mephitic Cloud           Conj/Pois/Air  0%         N/A       83%         3


Dungeon Overview and Level Annotations

Branches:
Dungeon (3/15)

Altars:
Gozag


Innate Abilities, Weirdness & Mutations

You are too large for most types of armour.
You have claws for hands.
Your natural rate of healing is unusually fast.
You are covered in fur. (AC +1)
You have tough skin. (AC +1)


Message History

There is a stone staircase leading up here.
A kobold comes into view. It is wielding a +0 dagger.
The kobold shouts!
The kobold throws a stone.
The stone closely misses you.
The kobold throws a stone.
The stone hits you but does no damage.
The kobold throws a stone.
The stone closely misses you.
You sock the kobold!
You kill the kobold!
f - 65 stones (gained 3)
You see here a +0 dagger.
You see here a +0 dagger.
Found a stone staircase leading up.
You now have 95 gold pieces (gained 6).
You open the door.
There is an open door here.
You open the door.
There is an open door here.
Found a stone staircase leading down.
You open the door.
There is an open door here.
There is an open door here.
There is an open door here.
You see here a +0 trident.
There is a stone staircase leading down here.
Done exploring.
There is a stone staircase leading down here.
As you read the scroll labelled NOMOAR ARUMO, it crumbles to dust.
You assume a fearsome visage.
Nothing appears to happen.
It was a scroll of fear.
Okay, then.
You climb downwards.
There is a stone staircase leading up here.
Found a stone staircase leading down.
Found 11 gold pieces.
n - 2 scrolls labelled OJIOSTOGGU
As you read the scroll labelled OJIOSTOGGU, it crumbles to dust.
It is a scroll of enchant weapon.
Your +0 mace glows red for a moment.
You now have 106 gold pieces (gained 11).
Are you sure you want to abandon this character and quit the game? (Confirm with "yes".)

#. #..# #.. #..#
##...#..#
.....#..#########
.....#..#<.......
.................
........#########
....#...#######
.........@....#
######..#.#####
#..#.# #..#.###
#......# #.>..###
##...# ###.# ...


There were no monsters in sight!

Vanquished Creatures
  2 adders (D:2)
  A worm (D:2)
  2 dart slugs
  2 bats (D:1)
  2 endoplasms (D:1)
  A giant cockroach (D:1)
  5 goblins
  3 hobgoblins (D:2)
  3 quokkas
  2 frilled lizards (D:2)
  A kobold (D:2)
  2 rats
26 creatures vanquished.

Vanquished Creatures (others)
  A plant (D:1)
1 creature vanquished.

Grand Total: 27 creatures vanquished

Notes
Turn   | Place    | Note
-------+----------+-------------------------------------------
     0 | D:1      | issech the Troll Monk began the quest for the Orb.
     0 | D:1      | Reached XP level 1. HP: 22/22 MP: 0/0
    98 | D:1      | Found a faded altar of an unknown god.
   663 | D:1      | Reached XP level 2. HP: 29/29 MP: 1/1
  1060 | D:2      | Reached XP level 3. HP: 28/36 MP: 2/2
  1186 | D:2      | Found an opulent altar of Gozag.
  1811 | D:3      | Quit the game

Illustrated notes

Levels and vault maps discovered:
D:1:      onia_arrival_pyramid, layout_basic, dreamdust_ecumenical_altar_grove
D:2:      layout_basic, basic_altar
D:3:      layout_basic, tgw_trog, serial_forest, infiniplex_forest_end_1,
          infiniplex_forest_straight_5, infiniplex_forest_end_2,
          infiniplex_forest_straight_2, infiniplex_forest_clump_small,
          infiniplex_forest_straight_5, uniq_jessica, uniq_ijyb, uniq_sigmund

Skill      XL: |  1  2  3 |
---------------+----------+-----
Maces & Flails | 3 |  3.3
Dodging        | 3 |  3.0
Fighting       | |  2.7
Stealth        | |  1.1

Action                   || total
-------------------------++-------
Melee: Mace              ||   114
       Punch             ||     3
  Use: Scroll            ||     2
 Stab: Sleeping          ||     1
Armor: Robe              ||    50
Dodge: Dodged            ||    74
